 Dungeon Crawl Stone Soup version 0.29-a0-582-ge82337ba6a (webtiles) character file.

Game seed: 15628814055819154669

856 tilp the Grave Robber (level 7, -2/52 HPs)
             Began as a Mummy Necromancer on June 14, 2022.
             Slain by a bullfrog (5 damage)
             ... on level 6 of the Dungeon.
             The game lasted 00:10:33 (5808 turns).

tilp the Grave Robber (Mummy Necromancer)           Turns: 5808, Time: 00:10:33

Health: -2/52      AC:  7    Str: 11    XL:     7   Next: 70%
Magic:  3/13       EV: 12    Int: 17    God:
Gold:   182        SH:  0    Dex: 12    Spells: 6/14 levels left

rFire   x . .      SeeInvis .   a - +4 dagger (venom)
rCold   + . .      Faith    .   (no shield)
rNeg    + + +      Spirit   .   c - +0 robe
rPois   ∞          Reflect  .   j - +2 helmet
rElec   .          Harm     .   r - +1 cloak
rCorr   .          Rampage  .   (no gloves)
Will    .....                   (no boots)
Stlth   ++........              (no amulet)
HPRegen 0.17/turn               (no ring)
MPRegen 0.13/turn               (no ring)

@: no status effects
A: cold resistance 1, negative energy resistance 3, torment resistance 2, heat
vulnerability 1, in touch with death 1, no potions
a: no special abilities


You were on level 6 of the Dungeon.
You visited 1 branch of the dungeon, and saw 6 of its levels.

You collected 182 gold pieces.

Inventory:

Hand Weapons
 a - a +4 dagger of venom (weapon)
 b - a +2 quarterstaff of chaos
 q - a +2 dagger of protection
Missiles
 h - 11 poisoned darts (quivered)
 l - 146 stones
 o - 2 boomerangs
Armour
 c - a +0 robe (worn)
 j - a +2 helmet (worn)
 r - a +1 cloak (worn)
Jewellery
 e - a ring of ice
Wands
 t - a wand of iceblast (9)
Scrolls
 d - a scroll of blinking {unknown}
 f - a scroll of amnesia
 g - a scroll of immolation
 i - a scroll of vulnerability
 k - 4 scrolls of teleportation
 m - 2 scrolls of enchant weapon
 n - a scroll of fog
 p - a scroll of poison
 s - a scroll of fear
 u - a scroll of identify


   Skills:
 + Level 3.2 Fighting
 - Level 3.0 Dodging
 - Level 3.0 Stealth
 + Level 1.0 Shields
 + Level 4.3 Spellcasting
 * Level 7.1 Necromancy


You had 6 spell levels left.
You knew the following spells:

 Your Spells              Type           Power      Damage    Failure   Level
a - Necrotize             Necr           100%       1d9       1%          1
b - Vampiric Draining     Necr           42%        2d9       2%          3
c - Animate Dead          Necr           42%        N/A       8%          4

Your spell library contained the following spells:

 Spells                   Type           Power      Damage    Failure   Level
 Summon Small Mammal      Summ           12%        N/A       16%         1
 Poisonous Vapours        Pois/Air       6%         N/A       22%         2
 Agony                    Necr           42%        N/A       22%         5
 Call Canine Familiar     Summ           3%         N/A       41%         3
 Summon Guardian Golem    Hex/Summ       3%         N/A       41%         3
 Corpse Rot               Necr/Pois/Air  17%        N/A       50%         4


Dungeon Overview and Level Annotations

Branches:
Dungeon (6/15)
 Temple: D:4-7

Altars:
Cheibriados
Elyvilon
Hepliaklqana
Qazlal
Wu Jian
The Shining One

Shops:
D:1 !


Innate Abilities, Weirdness & Mutations

You are immune to poison.
Your flesh is cold resistant. (rC+)
You are immune to negative energy. (rN+++)
You are immune to unholy pain and torment.
You are vulnerable to heat. (rF-)
You are in touch with the powers of death.
You do not drink.


Message History

Unknown command.
You hit the iguana.
The iguana is poisoned.
The iguana is lightly wounded.
The bullfrog hits your hound zombie.
Your hound zombie is destroyed!
The iguana bites you but does no damage.
Unknown command.
You hit the iguana.
The iguana looks as sick as possible!
The iguana is heavily wounded.
Your reaping aura expires.
The iguana bites you.
* * * LOW HITPOINT WARNING * * *
The bullfrog closely misses Edmund.
Edmund closely misses the iguana.
Unknown command.
You hit the iguana but do no damage.
The iguana looks as sick as possible!
The iguana is severely wounded.
The bullfrog completely misses Edmund.
The iguana bites you.
* * * LOW HITPOINT WARNING * * *
The bullfrog completely misses Edmund.
Unknown command.
You hit the iguana.
The iguana looks as sick as possible!
The iguana is almost dead.
You kill the iguana!
The bullfrog barely misses Edmund.
The scorpion stings Edmund.
Edmund hits the scorpion but does no damage.
Your Shields skill increases to level 1!
Unknown command.
Unknown command.
Press: ? - help, v - describe, . - travel
Here: Edmund the human zombie (lightly damaged, friendly)
The floor.
The bullfrog hits Edmund!
The scorpion barely misses Edmund.
Edmund hits the bullfrog.
The bullfrog hits Edmund.
You see here an iguana corpse.
You swap places.
The scorpion closely misses you.
Edmund hits the bullfrog.
The scorpion stings you but does no damage.
You closely miss the bullfrog.
The bullfrog is moderately wounded.
The bullfrog hits you.
You die...

#.####...# # 8..
Z...##...# #..# ## #.##
###.##Z..# #..#. .#.....
# #.Z..))# #..#. .#.[.
###.##.)#####...[###...
.....>.........#..#..#
#######.######.#$....#
...####.# #..###.###
.....<..# #..Z@F...#
#.......#####..#Fs...#
#.......##.....#.##.....?
#.........####.### ..#.).
#......#### #.# ..#....
#......# ###.# ..# #.#
.......# #l#.# ... ..
.......# #.#.### ..
.......# #.#Z#≈#


You could see 2 bullfrogs, a scorpion and the friendly Edmund the human zombie.

Vanquished Creatures
  A black bear (D:4)
  3 scorpions
  A jelly (D:5)
  Crazy Yiuf (D:3)
  2 orc priests
  3 hounds
  An iron imp (D:4)
  2 iguanas
  Robin (D:3)
  7 adders
  An ufetubus (D:3)
  3 dart slugs
  14 orcs
  4 endoplasms
  6 giant cockroaches
  10 goblins
  16 hobgoblins
  4 jackals (D:3)
  4 kobolds
  A quokka (D:3)
  8 ball pythons
  4 bats
  4 frilled lizards
  2 rats (D:1)
103 creatures vanquished.

Vanquished Creatures (collateral kills)
  Edmund (D:6)
  A goblin (D:3)
2 creatures vanquished.

Vanquished Creatures (others)
  A hound zombie (D:6)
  A quokka (D:4)
  10 fungi (D:6)
12 creatures vanquished.

Grand Total: 117 creatures vanquished

Notes
Turn   | Place    | Note
-------+----------+-------------------------------------------
     0 | D:1      | tilp the Mummy Necromancer began the quest for the Orb.
     0 | D:1      | Reached XP level 1. HP: 13/13 MP: 4/4
   135 | D:1      | Reached XP level 2. HP: 19/20 MP: 0/5
   334 | D:1      | Reached skill level 1 in Fighting
   523 | D:1      | Found Amirroar's Distillery.
   756 | D:1      | Found a faded altar of an unknown god.
  1053 | D:2      | Gained mutation: You are in touch with the powers of death.
                  | [Mummy growth]
  1053 | D:2      | Reached XP level 3. HP: 21/26 MP: 1/7
  1057 | D:2      | Learned a level 3 spell: Vampiric Draining
  1697 | D:3      | Noticed Robin
  1962 | D:3      | Killed Robin
  1963 | D:3      | Reached XP level 4. HP: 23/33 MP: 0/8
  2409 | D:3      | Reached skill level 5 in Necromancy
  2754 | D:3      | Found a runed translucent door.
  2755 | D:3      | Noticed Crazy Yiuf
  2847 | D:3      | Found a hazy altar of Hepliaklqana.
  2849 | D:3      | Found a faded altar of an unknown god.
  3028 | D:3      | Reached XP level 5. HP: 35/38 MP: 9/9
  3317 | D:3      | Killed Crazy Yiuf
  3588 | D:3      | Reached skill level 6 in Necromancy
  3679 | D:4      | Found an ornate altar of the Wu Jian Council.
  3688 | D:4      | Found a snail-covered altar of Cheibriados.
  3703 | D:4      | Reached XP level 6. HP: 39/44 MP: 10/10
  4614 | D:4      | Learned a level 4 spell: Animate Dead
  4635 | D:5      | Entered Level 5 of the Dungeon
  4648 | D:5      | Found a stormy altar of Qazlal.
  4657 | D:5      | Reached XP level 7. HP: 45/51 MP: 12/12
  5549 | D:6      | Noticed a steam dragon
  5781 | D:6      | Noticed Edmund
  5798 | D:6      | Killed Edmund
  5799 | D:6      | Reached skill level 7 in Necromancy
  5804 | D:6      | HP: 2/52 [iguana (1)]
  5806 | D:6      | Reached skill level 1 in Shields
  5808 | D:6      | Slain by a bullfrog

Illustrated notes

Levels and vault maps discovered:
D:1:      kennysheep_arrival_seaside, layout_loops_ring, serial_shops, shop,
          ebering_ecumenical_altar_ruins, minmay_shallow_snake_nest
D:2:      layout_basic, feat_on_display
D:3:      layout_loops_corners, beargit_hepliaklqana_dungeon_heroes,
          uniq_crazy_yiuf_cottage, uniq_robin
D:4:      layout_cave_pools, mainiacjoe_overflow_tiny_flanked, elyvilon_altar_4,
          slow_altar_1, chequers_serial_rivers_small_b, minmay_misc_feat_room,
          grunt_ministairs_1
D:5:      layout_loops_cross, tso_metal_star, nicolae_qazlal_general_emergency
D:6:      layout_loops_ring, lemuel_crystal_altar, serial_aquarium,
          aquarium_bridge_square [aquarium_subvault_bridge,
          aquarium_subvault_wall, aquarium_subvault_bridge,
          aquarium_subvault_window], aquarium_window_corner,
          aquarium_window_corridor_2, aquarium_window_corner, aquarium_view_2c,
          aquarium_view_2d, aquarium_pool_2, serial_shops, nicolae_diamond_shop,
          minmay_chambers_of_fives, uniq_edmund

Skill      XL: |  1  2  3  4  5  6  7 |
---------------+----------------------+-----
Fighting       | 1 2 3 |  3.2
Spellcasting   | 3 4 |  4.3
Stealth        | 2 3 |  3.0
Dodging        | 2 3 |  3.0
Necromancy     | 5 6 7 |  7.1
Shields        | 1 |  1.0

Action                   |  1- 3 |  4- 6 |  7- 9 || total
-------------------------+-------+-------+-------++-------
Melee: Dagger            |    46 |   140 |    41 ||   227
       Punch             |     1 |     1 |       ||     2
Throw: Dart              |       |     1 |       ||     1
 Cast: Necrotize         |    49 |    14 |       ||    63
       Vampiric Draining |       |     9 |     7 ||    16
       Animate Dead      |       |       |     2 ||     2
  Use: Scroll            |     5 |     4 |     2 ||    11
 Stab: Sleeping          |     1 |     3 |     2 ||     6
Armor: Robe              |    19 |    55 |    14 ||    88
Dodge: Dodged            |    45 |   108 |    20 ||   173

Table legend: (Time is in decaauts)
 A = Elapsed time spent in this place.
 B = Non-inter-level travel time spent in this place.
 C = Inter-level travel time spent in this place.
 D = Time resting spent in this place.
 E = Time spent auto-exploring this place.
 F = Levels seen in this place.
 G = Mean time per level.
                   A        B        C        D        E       F      G
               +--------+--------+--------+--------+--------+-----+--------+
         Total |   5811 |   5552 |    259 |    859 |   3908 |   6 |  968.5 |
       Dungeon |   5811 |   5552 |    259 |    859 |   3908 |   6 |  968.5 |
               +--------+--------+--------+--------+--------+-----+--------+

Top non-repeatable levels by time:
     D:3: 1555 daAuts
     D:4: 1040 daAuts
     D:1: 1026 daAuts
     D:2: 1016 daAuts
     D:5: 991 daAuts
     D:6: 181 daAuts
